 Dungeon Crawl Stone Soup version 0.28-a0-804-g60983d4ba9 (webtiles) character file.

Game seed: 17969477045518478559

13 vurker the Gusty (level 2, -3/18 HPs)
             Began as an Octopode Air Elementalist on Nov 7, 2021.
             Slain by Terence (6 damage)
             ... on level 2 of the Dungeon.
             The game lasted 00:01:15 (933 turns).

vurker the Gusty (Octopode Air Elementalist)         Turns: 933, Time: 00:01:15

Health: -3/18      AC:  1    Str:  7    XL:     2   Next: 37%
Magic:  0/5        EV: 13    Int: 17    God:
Gold:   56         SH:  0    Dex: 12    Spells: 4/5 levels left

rFire   . . .      SeeInvis .   (no weapon)
rCold   . . .      Faith    .   (no shield)
rNeg    . . .      Spirit   .   (helmet restricted)
rPois   .          Reflect  .   (no amulet)
rElec   .          Harm     .   (no ring)
rCorr   .          Rampage  .   (no ring)
Will    .....                   (no ring)
Stlth   +++.......              (no ring)
HPRegen 0.06/turn               (no ring)
MPRegen 0.09/turn               (no ring)
                                (no ring)
                                (no ring)

@: no status effects
A: almost no armour, amphibious, 8 rings, camouflage 1, gelatinous body 1,
(nimble swimmer 1), tentacles
a: no special abilities


You were on level 2 of the Dungeon.
You visited 1 branch of the dungeon, and saw 2 of its levels.

You collected 56 gold pieces.

Inventory:

Scrolls
 a - a scroll of holy word {unknown}
Potions
 b - a potion of brilliance {unknown}
 d - a potion of heal wounds {unknown}
 e - a potion of invisibility {unknown}
 f - a potion of haste {unknown}


   Skills:
 + Level 0.5 Fighting
 - Level 2.0 Dodging
 - Level 2.6 Stealth
 * Level 2.2 Spellcasting
 + Level 1.2 Conjurations
 * Level 3.2 Air Magic


You had 4 spell levels left.
You knew the following spells:

 Your Spells              Type           Power      Damage    Failure   Level
a - Shock                 Conj/Air       36%        1d5       8%          1

Your spell library contained the following spells:

 Spells                   Type           Power      Damage    Failure   Level
 Static Discharge         Conj/Air       9%         N/A       12%         2
 Swiftness                Air            13%        N/A       14%         3
 Sublimation of Blood     Necr           1%         N/A       28%         2
 Airstrike                Air            6%         N/A       43%         4
 Petrify                  Tmut/Erth      1%         N/A       88%         4
 Irradiate                Conj/Tmut      2%         3d14      99%         5


Dungeon Overview and Level Annotations

Branches:
Dungeon (2/15)

Altars:

Shops:
D:1 (*[

Annotations:
D:2 Terence


Innate Abilities, Weirdness & Mutations

You cannot wear most types of armour.
You are amphibious.
You can wear up to eight rings at the same time.
Your skin changes colour to match your surroundings (Stealth+).
Your rubbery body absorbs attacks. (AC +1, EV +1)
((You are camouflaged near water. (Stealth+)))
You have tentacles for arms and can constrict up to eight enemies at once.


Message History

Aim: Terence, wielding a +0 short sword of venom and wearing a +0 scale mail (lightly wounded, 72% to hit)
The zap hits Terence.
The zap hits the hobgoblin.
You kill the hobgoblin!
Aim: Terence, wielding a +0 short sword of venom and wearing a +0 scale mail (moderately wounded, 72% to hit)
The zap hits Terence but does no damage.
Aim: Terence, wielding a +0 short sword of venom and wearing a +0 scale mail (moderately wounded, 72% to hit)
The zap hits Terence.
The zap misses Terence.
Found a stone staircase leading down.
You tentacle-slap Terence but do no damage.
You grab Terence.
You constrict Terence, but do no damage.
Terence barely misses you.
You tentacle-slap Terence but do no damage.
You constrict Terence, but do no damage.
Terence barely misses you.
The zap hits Terence.
The zap hits Terence but does no damage.
You constrict Terence, but do no damage.
Terence hits you with a +0 short sword of venom!
You are lethally poisoned!
You don't have enough magic to cast this spell.
It was a potion of curing.
You feel better.
You constrict Terence, but do no damage.
Terence hits you with a +0 short sword of venom.
You tentacle-slap Terence but do no damage.
You squeeze Terence, but do no damage. You constrict Terence.
Terence hits you with a +0 short sword of venom.
You tentacle-slap Terence but do no damage.
You constrict Terence, but do no damage.
Terence completely misses you.
You tentacle-slap Terence but do no damage.
You constrict Terence, but do no damage.
Terence hits you with a +0 short sword of venom.
* * * LOW HITPOINT WARNING * * *
You are lethally poisoned!
You completely miss Terence.
You constrict Terence, but do no damage.
* * * LOW HITPOINT WARNING * * *
You feel very sick. Terence barely misses you.
You feel better.
You constrict Terence. Terence closely misses you.
The zap hits Terence but does no damage. x2
You constrict Terence, but do no damage.
Terence hits you with a +0 short sword of venom!
Ouch! That really hurt!
* * * LOW HITPOINT WARNING * * *
You tentacle-slap Terence but do no damage.
You squeeze Terence, but do no damage. You constrict Terence.
Terence hits you with a +0 short sword of venom.
You die...

......#....#
#......#
#####.####
#.#<.#
#..#.#
##.#.# # #
#.#.#
#..>#.##@#.#
#......@.#.#
#####.####.#
.. #.. ##
###


You could see Terence.

Vanquished Creatures
  A ball python (D:1)
  3 endoplasms (D:1)
  3 goblins (D:1)
  A hobgoblin (D:2)
  A quokka (D:1)
  A kobold (D:1)
10 creatures vanquished.

Notes
Turn   | Place    | Note
-------+----------+-------------------------------------------
     0 | D:1      | vurker the Octopode Air Elementalist began the quest for
                  | the Orb.
     0 | D:1      | Reached XP level 1. HP: 11/11 MP: 3/3
    27 | D:1      | Found a faded altar of an unknown god.
    92 | D:1      | Found Dunaf's Assorted Antiques.
   193 | D:1      | Found Ikhlokez's Weapon Boutique.
   229 | D:1      | Found Suingi's Armour Shoppe.
   354 | D:1      | Reached XP level 2. HP: 18/18 MP: 0/5
   549 | D:1      | Found Bona's Armour Shop.
   908 | D:2      | Noticed Terence
   933 | D:2      | Slain by Terence

Illustrated notes

Levels and vault maps discovered:
D:1:      mainiacjoe_arrival_reflecting_pool, layout_basic,
          basic_ecumenical_altar, serial_shops, nicolae_shop_overgrown_old_shop,
          shop_statue, nicolae_shop_behind_doors, nicolae_shop_stone,
          minmay_misc_feat_more_columns
D:2:      layout_basic, basic_altar, uniq_terence, uniq_robin

Action                   || total
-------------------------++-------
Melee: Unarmed           ||     7
       Tentacles         ||     2
       Constrict         ||     1
 Cast: Shock             ||    26
  Use: Potion            ||     2
Dodge: Dodged            ||     5

Table legend: (Time is in decaauts)
 A = Elapsed time spent in this place.
 B = Non-inter-level travel time spent in this place.
 C = Inter-level travel time spent in this place.
 D = Time resting spent in this place.
 E = Time spent auto-exploring this place.
 F = Levels seen in this place.
 G = Mean time per level.
                   A        B        C        D        E       F      G
               +--------+--------+--------+--------+--------+-----+--------+
         Total |    932 |    883 |     49 |      0 |    793 |   2 |  466.0 |
       Dungeon |    932 |    883 |     49 |      0 |    793 |   2 |  466.0 |
               +--------+--------+--------+--------+--------+-----+--------+

Top non-repeatable levels by time:
     D:1: 900 daAuts
     D:2: 32 daAuts
